Map: 乌雷纳

Players

shengy - Winner!

  • Race: Zerg Zerg
  • League: Platinum

MuerteSubita

  • Race: Protoss Protoss
  • League: Platinum

VOD

Have the link to the VOD?

Description

Time

  • Played on: Dec. 20, 2015, 3:36 p.m.
  • Length: 4:35
Show
View Real Time Build Order
Export as new Build Order

shengy Zerg - Winner!

Build Orders: Pool Only, Zergling Baneling 

Get SALT Encoding   

  12  0:01  Drone  
  13  0:23  Spawning Pool  
  13  0:27  Extractor  
  11  0:28  Drone  
  11  0:33  Drone  
  13  0:40  Overlord  
  13  1:10  Zergling x6  
  16  1:15  Queen  
  18  1:22  Zergling x2  
  20  1:40  Zergling x2  
  20  1:49  Zergling x2  
  21  1:57  Metabolic Boost  
  21  2:06  Queen  
  21  2:07  Baneling Nest  
  21  2:29  Zergling x2  
  22  2:32  Overlord  
  22  2:53  Zergling x6  
  22  2:54  Baneling  
  22  2:55  Baneling  
  25  3:04  Baneling  
  25  3:05  Baneling x2  
  25  3:06  Baneling  
  25  3:08  Baneling  
  25  3:13  Baneling  
  25  3:19  Zergling x6  
  28  3:26  Drone  
  25  3:47  Drone x2  
  25  3:48  Drone  
  27  4:04  Drone  
  27  4:07  Roach Warren  
  27  4:20  Drone x3  
Show
View Real Time Build Order
Export as new Build Order

MuerteSubita Protoss 

Build Orders: Cannon Rush 

Get SALT Encoding   

  12  0:02  Probe (Chrono Boost)  
  13  0:13  Probe (Chrono Boost)  
  14  0:20  Pylon  
  14  0:23  Probe (Chrono Boost)  
  15  0:38  Probe (Chrono Boost)  
  15  0:41  Forge  
  16  0:52  Probe (Chrono Boost)  
  17  0:59  Pylon  
  17  1:03  Probe (Chrono Boost)  
  18  1:10  Pylon  
  18  1:20  Probe (Chrono Boost)  
  19  1:30  Photon Cannon  
  19  1:32  Photon Cannon  
  19  1:44  Photon Cannon  
  19  1:50  Photon Cannon  
  18  1:59  Probe (Chrono Boost)  
  19  2:10  Probe (Chrono Boost)  
  20  2:20  Probe (Chrono Boost)  
  19  2:29  Gateway  
  19  2:30  Assimilator  
  19  2:31  Probe (Chrono Boost)  
  20  2:42  Probe (Chrono Boost)  
  20  2:44  Photon Cannon  
  21  2:52  Probe (Chrono Boost)  
  22  3:02  Photon Cannon  
  22  3:03  Probe (Chrono Boost)  
  22  3:05  Pylon  
  23  3:17  Assimilator  
  23  3:22  Pylon, Cybernetics Core  
  23  3:28  Photon Cannon  
  4  3:48  Pylon  
Tags
 
Add a new tag
Caveats
  • Supply blocks, unpowered buildings, or Contaminate may cause inaccurate times.
  • Supply counts are checked every 10 seconds.